 Dungeon Crawl Stone Soup version 0.23-a0-642-g3120c2f5a9 (webtiles) character file.

341 HereIgoKillingAgain the Changer (level 6, 0/48 HPs)
             Began as a Draconian Transmuter on Dec 31, 2018.
             Was a Believer of Uskayaw.
             Killed from afar by an orc wizard (10 damage)
             ... with a puff of frost
             ... on level 4 of the Dungeon.
             The game lasted 00:07:13 (5497 turns).

HereIgoKillingAgain the Changer (DrTm)              Turns: 5497, Time: 00:07:14

Health: 0/48       AC:  6    Str: 11 (12) XL:     6   Next: 30%
Magic:  4/9        EV: 12    Int: 16      God:    Uskayaw [**....]
Gold:   98         SH:  0    Dex: 11      Spells: 1/9 levels left

rFire    . . .     SeeInvis .     - Unarmed
rCold    . . .     Gourm    .   (no shield)
rNeg     . . .     Faith    .   (armour unavailable)
rPois    .         Spirit   .   (helmet restricted)
rElec    .         Reflect  .   (no cloak)
rCorr    .         Harm     .   (no gloves)
MR       .....                  (no boots)
Stlth    +.........             (no amulet)
HPRegen  0.16/turn              (no ring)
MPRegen  0.11/turn              (no ring)

@: very slightly contaminated, drained
A: unfitting armour, cold-blooded, AC +6
a: Stomp, Line Pass, Renounce Religion


You were on level 4 of the Dungeon.
You worshipped Uskayaw.
Uskayaw was noncommittal.
You were hungry.

You visited 1 branch of the dungeon, and saw 4 of its levels.

You collected 98 gold pieces.

Inventory:

Missiles
 a - 38 arrows
Scrolls
 f - 4 scrolls of amnesia
 g - a scroll of enchant armour
 h - 2 scrolls of remove curse
Comestibles
 c - 2 rations


   Skills:
 - Level 2.0(1.1) Fighting
 - Level 2.0(1.1) Dodging
 - Level 3.0(2.1) Unarmed Combat
 - Level 2.0(1.1) Spellcasting
 + Level 6.5(5.5) Transmutations


You had one spell level left.
You knew the following spells:

 Your Spells              Type           Power        Failure   Level  Hunger
a - Sticks to Snakes      Tmut           ###.....     3%          2    ###....
b - Beastly Appendage     Tmut           ###...       2%          1    ##.....
c - Blade Hands           Tmut           ###.......   54%         5    ######.

Your spell library contained the following spells:

 Spells                   Type           Power        Failure   Level  Hunger
 Confusing Touch          Hex            #.....       22%         1    ##.....
 Spider Form              Tmut/Pois      #.........   22%         3    ####...
 Confuse                  Hex            #.......     56%         3    ####...
 Gell's Gravitas          Tloc           #.........   56%         3    ####...
 Ice Form                 Ice/Tmut       #.......     58%         4    #####..
 Petrify                  Tmut/Erth      #.......     58%         4    #####..
 Yara's Violent Unravell  Hex/Tmut       #.........   90%         5    ######.
 Metabolic Englaciation   Hex/Ice        #.........   99%         5    ######.


Dungeon Overview and Level Annotations

Branches:
Dungeon (4/15)
 Temple: D:4-7

Altars:
Elyvilon
Makhleb
Uskayaw
Wu Jian
Yredelemnul

Annotations:
D:4 Blork the orc


Innate Abilities, Weirdness & Mutations

Your plain brown scales are hard. (AC +6)
You cannot fit into any form of body armour.
You are cold-blooded and may be slowed by cold attacks.


Message History

You tail-slap the orc wizard, but do no damage.
The orc wizard is heavily wounded.
Your ball python closely misses the orc wizard.
Your ball python barely misses the orc wizard.
The orc wizard hits you with a cursed +0 dagger.
* * * LOW HITPOINT WARNING * * *
Your adder closely misses the orc wizard.
You hit the orc wizard but do no damage.
You tail-slap the orc wizard.
The orc wizard is severely wounded.
Your ball python withers and dies!
Your adder closely misses the orc wizard.
The orc wizard hits you but does no damage.
You can now pass through a line of other dancers.
You hit the orc wizard but do no damage.
The orc wizard is severely wounded.
Your adder barely misses the orc wizard.
The orc wizard gestures at you while chanting.
The puff of frost hits you!
You die... #.....# #### #.# #..#.###.. ooo

#....##.# #o#
##....##.# #.#
#........####.#
#......)#.....#
#......S)######
## ###...##o#
.. #...##@# .#
##.###.# .# #.#
#.# .#
#.######.###.#
.#
#...<..<.)...#
.#
########.#####
<# #>#
)######## #.#
......... ..#


You could see an orc wizard and a friendly adder.

Vanquished Creatures
  An orc priest (D:4)
  Terence (D:2)
  4 gnolls
  4 adders
  An ooze (D:3)
  2 dart slugs (D:1)
  4 leopard geckos
  11 orcs
  A giant cockroach (D:3)
  6 goblins
  5 hobgoblins
  9 jackals
  2 ball pythons
  12 bats
  2 frilled lizards
  2 gnoll zombies (D:2)
  7 kobolds
  5 rats
79 creatures vanquished.

Vanquished Creatures (collateral kills)
  Eustachio (D:4)
  4 adders
  3 worms
  6 orcs
  3 goblins
  3 jackals (D:2)
  A kobold (D:3)
  A frilled lizard (D:3)
  2 rats (D:3)
24 creatures vanquished.

Grand Total: 103 creatures vanquished

Notes
Turn   | Place    | Note
-------+----------+-------------------------------------------
     0 | D:1      | HereIgoKillingAgain the Draconian Transmuter began the
                  | quest for the Orb.
     0 | D:1      | Reached XP level 1. HP: 16/16 MP: 3/3
    51 | D:1      | Reached XP level 2. HP: 23/23 MP: 5/5
   194 | D:1      | Learned a level 2 spell: Sticks to Snakes
   547 | D:1      | Reached skill level 3 in Transmutations
   567 | D:1      | Reached XP level 3. HP: 22/29 MP: 6/6
  1757 | D:2      | Reached XP level 4. HP: 20/36 MP: 2/7
  1932 | D:2      | Found a burning altar of Makhleb.
  1939 | D:2      | Found a hide-covered altar of Uskayaw.
  2007 | D:2      | Reached skill level 4 in Transmutations
  2111 | D:2      | Became a worshipper of Uskayaw the Reveler
  2195 | D:2      | Noticed Terence
  2208 | D:2      | Reached * piety under Uskayaw
  2227 | D:2      | Killed Terence
  2759 | D:2      | Found a basalt altar of Yredelemnul.
  3124 | D:3      | Reached ** piety under Uskayaw
  3173 | D:3      | Found an ornate altar of the Wu Jian Council.
  3200 | D:3      | Reached XP level 5. HP: 41/41 MP: 0/8
  3275 | D:3      | Reached skill level 5 in Transmutations
  3597 | D:3      | Found a white marble altar of Elyvilon.
  4498 | D:4      | Learned a level 5 spell: Blade Hands
  4546 | D:4      | Noticed Blork the orc
  4548 | D:4      | Noticed an ogre
  4900 | D:4      | Noticed Eustachio
  5409 | D:4      | Killed Eustachio
  5409 | D:4      | Reached skill level 6 in Transmutations
  5409 | D:4      | Reached XP level 6. HP: 48/48 MP: 3/9
  5459 | D:4      | HP: 1/48 [something/puff of flame (7)]
  5497 | D:4      | Killed from afar by an orc wizard

Vault maps used:
D:1:      wander_arrival_lonely_grave, minmay_misc_feat_nine_boxes
D:2:      lemuel_zombie_altar_yredelemnul, amethyst_overflow_temple_binary,
          first_ration, minivault_5, kennysheep_boxes, uniq_terence
D:3:      minmay_evil_eye, lemuel_doored_altar, elyvilon_altar_1, serial_glass,
          glass_columns_a, glass_columns_a, minmay_stone_trees_medium
D:4:      led_xom_imps, uniq_eustachio, uniq_blork_the_orc, uniq_menkaure

Skill      XL: |  1  2  3  4  5 |
---------------+----------------+-----
Dodging        | 2 |  2.0
Fighting       | 2 |  2.0
Transmutations | 3 4 6 |  6.5
Unarmed Combat | |  3.0
Spellcasting   | |  2.0

Action                   |  1- 3 |  4- 6 || total
-------------------------+-------+-------++-------
Melee: Unarmed           |   146 |   291 ||   437
       Tailslap          |    13 |    32 ||    45
       Headbutt          |     1 |     1 ||     2
       Punch             |     1 |     2 ||     3
 Cast: Sticks to Snakes  |    11 |    32 ||    43
       Beastly Appendage |     1 |     2 ||     3
Invok: Stomp             |       |     1 ||     1
  Use: Scroll            |     3 |     2 ||     5
       Potion            |     1 |     4 ||     5
 Stab: Distracted        |     1 |     2 ||     3
       Sleeping          |     1 |       ||     1
  Eat: Chunk             |     2 |     6 ||     8
       Ration            |     1 |     2 ||     3
Armor: Skin              |    57 |   108 ||   165
Dodge: Dodged            |   116 |   221 ||   337

Table legend:
 A = Non-vault XP
 B = Vault XP
 C = Vault XP percentage of total XP
 D = Non-vault monster count
 E = Vault monster count
 F = Vault count percentage of total count
                 A         B        C        D         E       F
            +---------+---------+-------+---------+---------+-------
      Total |     328 |     160 |  32.8 |      95 |       8 |   7.8
            +---------+---------+-------+---------+---------+-------
        D:1 |      51 |       0 |   0.0 |      29 |       0 |   0.0
        D:2 |      63 |      39 |  38.2 |      18 |       3 |  14.3
        D:3 |     144 |       8 |   5.3 |      38 |       4 |   9.5
        D:4 |      70 |     113 |  61.7 |      10 |       1 |   9.1
            +---------+---------+-------+---------+---------+-------
